 Dungeon Crawl Stone Soup version 0.20-a0-785-g17250f0 (webtiles) character file.

208 Gorice the Slasher (level 5, -1/41 HPs)
             Began as a Barachian Monk on Feb 27, 2017.
             Slain by an ogre
             ... wielding a +0 giant spiked club
              (20 damage)
             ... on level 4 of the Dungeon.
             The game lasted 00:10:56 (3223 turns).

Gorice the Slasher (Barachian Monk)                 Turns: 3223, Time: 00:10:56

Health: -1/41      AC:  7    Str: 13    XL:     5   Next: 86%
Magic:  5/5        EV: 11    Int: 11    God:
Gold:   201        SH:  3    Dex: 14    Spells: 4/4 levels left

rFire    . . .     SeeInvis .   a - +1 falchion
rCold    . . .     Gourm    .   h - +0 ring mail
rNeg     . . .     Faith    .   e - +0 buckler
rPois    .         Spirit   .   (no helmet)
rElec    .         Reflect  .   o - +0 cloak
rCorr    .         Harm     .   s - +0 pair of gloves
MR       .....                  (no boots)
Stlth    +.........             (no amulet)
Regen    0.2/turn               (no ring)
MPRegen  0.1/turn               (no ring)

@: slow
A: +LOS, swims, slowness 1, strong legs 1
a: Hop


You were on level 4 of the Dungeon.
You were not hungry.

You visited 1 branch of the dungeon, and saw 4 of its levels.

You collected 201 gold pieces.

Inventory:

Hand Weapons
 a - a +1 falchion (weapon)
 b - a +1 hunting sling of flaming
   (You took it off a goblin on level 2 of the Dungeon)
 k - a +1 dagger of speed
   (You took it off a kobold on level 1 of the Dungeon)
Missiles
 n - 43 sling bullets
 v - 14 javelins
 Z - 160 stones (quivered)
Armour
 d - a +0 robe
 e - a +0 buckler (worn)
 h - a +0 ring mail (worn)
 o - a +0 cloak (worn)
 s - a +0 pair of gloves (worn)
 t - a cursed +0 shield
 x - a +2 leather armour of cold resistance
   (You took it off an orc on level 4 of the Dungeon)
Wands
 r - a wand of confusion (28/48)
Scrolls
 m - a scroll of magic mapping {!r}
 p - a scroll of recharging
 y - a scroll of remove curse {unknown}
Potions
 f - a potion of flight
 j - a potion of lignification {!q}
 l - a potion of might {unknown}
 u - a potion of mutation {unknown}
 w - a potion of haste {unknown}
Comestibles
 c - 3 bread rations {!e}
 g - a fruit
 i - 2 chunks of flesh
 q - a royal jelly


   Skills:
 - Level 3.6 Fighting
 * Level 7.6 Long Blades
 - Level 3.2 Dodging
 - Level 1.7 Stealth


You had 4 spell levels left.
You didn't know any spells.

Dungeon Overview and Level Annotations

Branches:
Dungeon (4/15)
 Temple: D:4-7

Altars:
Ashenzari
Vehumet

Shops:
D:4 (


Innate Abilities, Weirdness & Mutations

Shadows flee at your approach. (+LOS)
You can swim through water.
You cover ground slowly.
You can hop short distances.


Message History

Some of the chunks of flesh in your inventory have rotted away.
Found an escape hatch in the floor.
Some of the chunks of flesh in your inventory have rotted away.
There is an escape hatch in the floor here.
y - a scroll labeled WINLIN WIUNONO Eating one of 3 chunks of flesh.
You eat one of the 3 chunks of flesh.
This raw flesh tastes terrible.
Found a stone staircase leading up.
You now have 201 gold pieces (gained 12).
The ogre shouts!
The ogre is too close now for your liking.
Firing (i - inventory. (,) - cycle):
n - 46 sling bullets (quivered)
Press: ? - help, Shift-Dir - straight line, f - ogre
Aim: an ogre, wielding a giant spiked club You shoot a sling bullet.
The sling bullet barely misses the ogre.
Firing (i - inventory. (,) - cycle):
n - 45 sling bullets (quivered)
Press: ? - help, Shift-Dir - straight line, f/p - ogre
Aim: an ogre, wielding a giant spiked club You shoot a sling bullet.
The sling bullet hits the ogre.
The sling bullet burns the ogre.
The ogre is lightly wounded.
Firing (i - inventory. (,) - cycle):
n - 44 sling bullets (quivered)
Press: ? - help, Shift-Dir - straight line, f/p - ogre
Aim: an ogre, wielding a giant spiked club (lightly wounded)
You shoot a sling bullet. The sling bullet hits the ogre!
The sling bullet burns the ogre.
The ogre is heavily wounded.
Your +1 hunting sling of flaming stops flaming.
a - a +1 falchion (weapon)
You slash the ogre!
The ogre is severely wounded.
The ogre barely misses you.
You hit the ogre but do no damage.
The ogre is severely wounded.
The ogre hits you with a giant spiked club!!
Ouch! That really hurt!
* * * LOW HITPOINT WARNING * * *
Damage: 24 (max 24) Unknown command.
Evoke which item? (* to show all) (? for menu, Esc to quit)
Aiming: Confuse (will waste charges)
Press: ? - help, Shift-Dir - straight line, f/p - ogre
Aim: an ogre, wielding a giant spiked club (severely wounded, chance to defeat MR: 46%)
The ogre resists with some effort.
Evoking this partially-identified wand wasted a few charges.
The ogre barely misses you. The ogre barely misses you.
The ogre hits you with a giant spiked club!!
You die...

.........#
#.#
.........#
#.#
#..####..#
###.#
#........#
#...#
#..####+##
#.### .#.#
#.# .#..#
#.# ....+
+.########.#
###.#
#...<.@O...#
.#
#..######..#
.#
.#######..#
.#
..........#
########.##
#.# #.# #.#
#>#


You could see an ogre.

Vanquished Creatures
  A centaur zombie (D:3)
  4 gnolls (D:3)
  5 adders
  An ooze (D:1)
  5 worms
  2 dart slugs
  2 leopard geckos (D:3)
  3 orcs
  4 giant cockroaches
  6 goblins
  4 hobgoblins
  8 jackals
  2 ball pythons
  4 bats
  6 frilled lizards
  10 kobolds
  7 rats
74 creatures vanquished.

Notes
Turn   | Place    | Note
-------+----------+-------------------------------------------
     0 | D:1      | Gorice the Barachian Monk began the quest for the Orb.
     0 | D:1      | Reached XP level 1. HP: 18/18 MP: 1/1
   276 | D:1      | Reached skill level 4 in Long Blades
   280 | D:1      | Reached XP level 2. HP: 23/24 MP: 2/2
   925 | D:1      | Reached skill level 5 in Long Blades
   925 | D:1      | Reached XP level 3. HP: 27/29 MP: 3/3
  1412 | D:2      | Found a radiant altar of Vehumet.
  1412 | D:2      | Found a shattered altar of Ashenzari.
  1620 | D:2      | Reached XP level 4. HP: 36/36 MP: 4/4
  1761 | D:2      | Reached skill level 6 in Long Blades
  2586 | D:3      | Reached XP level 5. HP: 41/41 MP: 5/5
  2631 | D:3      | Reached skill level 7 in Long Blades
  2983 | D:4      | Noticed an ogre
  3011 | D:4      | Found Hygenauc's Antique Weapon Boutique.
  3223 | D:4      | Slain by an ogre

Vault maps used:
D:1:      minmay_arrival_hallway, serial_curves, eino_curves_01, eino_curves_03
D:2:      gammafunk_temple_overflow_statue
D:3:      first_bread
D:4:      minmay_temple_entry_glassed_door, serial_shops,
          nicolae_shop_window_shopping, kennysheep_windowed_goal, uniq_menkaure

Skill      XL: |  1  2  3  4  5 |
---------------+----------------+-----
Long Blades    | 4 5 6 7 |  7.6
Fighting       | |  3.6
Dodging        | |  3.2
Stealth        | |  1.7

Action                   |  1- 3 |  4- 6 || total
-------------------------+-------+-------++-------
Melee: Falchion          |    87 |    87 ||   174
 Fire: Hunting sling     |    25 |    64 ||    89
Throw: Stone             |     1 |       ||     1
Evoke: Wand              |       |     1 ||     1
  Use: Scroll            |     4 |     4 ||     8
 Stab: Sleeping          |     3 |       ||     3
  Eat: Chunk             |     3 |     6 ||     9
Armor: Robe              |    10 |       ||    10
       Ring mail         |     1 |    36 ||    37
Dodge: Dodged            |    77 |    51 ||   128
Block: Buckler           |       |    16 ||    16
       Rpst.: Falchion   |    27 |    10 ||    37

Table legend:
 A = Turns spent in this place as a percentage of turns spent in the entire game.
 B = Non-inter-level travel turns spent in this place as a percentage of non-inter-level travel turns spent in the entire game.
 C = Inter-level travel turns spent in this place as a percentage of turns spent in this place.
 D = Turns resting spent in this place as a percentage of non-inter-level travel turns spent in this place.
 E = Turns spent auto-exploring this place as a percentage of non-inter-level travel turns spent in this place.
 F = Non-inter-level travel turns spent in this place divided by the number of levels of this place that you've seen.
                   A       B       C       D       E      F
               +-------+-------+-------+-------+-------+----------------------
         Total | 100.0 | 100.0 |   0.3 |   1.2 |   6.0 | 285.5
       Dungeon | 100.0 | 100.0 |   0.3 |   1.2 |   6.0 | 285.5
               +-------+-------+-------+-------+-------+----------------------

Vault maps used:
D:1:      minmay_arrival_hallway, serial_curves, eino_curves_01, eino_curves_03
D:2:      gammafunk_temple_overflow_statue
D:3:      first_bread
D:4:      minmay_temple_entry_glassed_door, serial_shops,
          nicolae_shop_window_shopping, kennysheep_windowed_goal, uniq_menkaure
